 Dungeon Crawl Stone Soup version 0.29.1-2-gbd0b4ee654 (webtiles) character file.

Game seed: 9652707073708574863

30 jamesblauser the Grave Robber (level 3, -3/24 HPs)
             Began as a Demonspawn Necromancer on Nov 6, 2022.
             Slain by a gnoll
             ... wielding a +0 whip
              (4 damage)
             ... on level 2 of the Dungeon.
             The game lasted 00:06:27 (1347 turns).

jamesblauser the Grave Robber (DsNe)                Turns: 1347, Time: 00:06:27

Health: -3/24      AC:  9    Str: 12 (13) XL:     3   Next: 5%
Magic:  4/6        EV:  9    Int: 15 (16) God:
Gold:   45         SH:  0    Dex: 16 (19) Spells: 6/7 levels left

rFire   . . .      SeeInvis .   e - +1 short sword (speed)
rCold   . . .      Faith    .   (no shield)
rNeg    . . .      Spirit   .   c - +0 scale mail
rPois   .          Reflect  .   (no helmet)
rElec   .          Harm     .   (no cloak)
rCorr   .          Rampage  .   i - +2 pair of gloves {Str+3}
Will    .....                   (no boots)
Stlth   +.........              (no amulet)
HPRegen 0.08/turn               f - +6 ring of dexterity
MPRegen 0.20/turn               (no ring)

@: no status effects
A: magic regeneration, demonic touch 1, low MP 1, noise suppression
a: no special abilities


You were on level 2 of the Dungeon.
You visited 1 branch of the dungeon, and saw 2 of its levels.

You collected 45 gold pieces.

Inventory:

Hand Weapons
 d - a +0 dagger
 e - a +1 short sword of speed (weapon)
Armour
 a - a +0 robe
 c - a +0 scale mail (worn)
 i - a +2 pair of gloves of strength (worn)
Jewellery
 f - a +6 ring of dexterity (left hand)
Potions
 b - a potion of magic
 h - a potion of brilliance


   Skills:
 + Level 0.2 Fighting
 + Level 1.8 Dodging
 + Level 2.0 Stealth
 + Level 2.5 Spellcasting
 + Level 4.9 Necromancy


You had 6 spell levels left.
You knew the following spells:

 Your Spells              Type           Power      Damage    Failure   Level
a - Necrotise             Necr           64%        1d7       16%         1

Your spell library contained the following spells:

 Spells                   Type           Power      Damage    Failure   Level
 Vampiric Draining        Necr           16%        2d7       43%         3
 Animate Dead             Necr           16%        N/A       83%         4
 Agony                    Necr           16%        N/A       99%         5


Dungeon Overview and Level Annotations

Branches:
Dungeon (2/15)

Altars:

Shops:
D:1 (


Innate Abilities, Weirdness & Mutations

You regenerate magic rapidly.
Your touch may inflict minor irresistible damage on your foes.
Your magical capacity is low. (-10% MP)
You passively dampen the noise of your surroundings.


Message History

As you read the scroll labelled GIPSUTTAHORPH, it crumbles to dust.
It is a scroll of enchant armour.
Your +1 pair of gloves of strength glows green for a moment.
Your surroundings suddenly seem different.
A rat comes into view.
You barely miss the rat. You hit the rat but do no damage.
You touch the rat.
You kill the rat!
You open the door. 3 gnolls come into view.
The gnoll shouts! x3; You hear a shout!
A gnoll comes into view. It is wielding a +0 flail.
Aiming: Necrotise (safe; 22% risk of failure)
Press: ? - help, Q - select action Shift-Dir - straight line, f - gnoll
Aim: a gnoll, wielding a +0 whip (chance to affect: 80%)
The gnoll barely resists.
You hit the gnoll but do no damage.
You touch the gnoll!
The gnoll is severely wounded.
The gnoll hits you with a +0 whip.
You barely miss the gnoll.
The gnoll is severely wounded.
The gnoll hits you but does no damage.
You hit the gnoll.
The gnoll is almost dead.
You barely miss the gnoll.
You touch the gnoll.
You kill the gnoll!
The gnoll hits you from afar with a +0 halberd!
Ouch! That really hurt!
* * * LOW HITPOINT WARNING * * *
Your Stealth skill increases to level 2!
You have reached level 3!
Your experience leads to an increase in your attributes!
Your base attributes are Str 8, Int 16, Dex 13.
Increase (S)trength, (I)ntelligence, or (D)exterity?
You feel stronger. x2; Your demonic ancestry asserts itself...
Your magic begins to regenerate rapidly.
The gnoll attacks as you move away! The gnoll hits you with a +0 whip.
* * * LOW HITPOINT WARNING * * *
The gnoll attacks as you move away! The gnoll hits you with a +0 whip.
You die...

.# ###.#### #......#
#+ #.#. #.# ... #.#.
#.# .... #.#.##.###
..... #.#......#
......#.##...#.####.
......'.gg.g@.......
......#).....#.####.
..... #####.## #
.... ### ... #+


You could see 3 gnolls.

Vanquished Creatures
  A gnoll (D:2)
  4 endoplasms (D:1)
  A giant cockroach (D:1)
  A goblin (D:1)
  4 kobolds (D:1)
  2 quokkas (D:1)
  2 frilled lizards (D:1)
  4 rats
19 creatures vanquished.

Vanquished Creatures (collateral kills)
  A ball python (D:1)
1 creature vanquished.

Grand Total: 20 creatures vanquished

Notes
Turn   | Place    | Note
-------+----------+-------------------------------------------
     0 | D:1      | jamesblauser the Demonspawn Necromancer began the quest for
                  | the Orb.
     0 | D:1      | Reached XP level 1. HP: 13/13 MP: 3/3
   354 | D:1      | Discovered your monstrous ancestry.
   354 | D:1      | Gained mutation: Your touch may inflict minor irresistible
                  | damage on your foes. [demonic ancestry]
   354 | D:1      | Reached XP level 2. HP: 19/19 MP: 1/5
   818 | D:1      | Gained mutation: Your magical capacity is low. (-10% MP)
                  | [potion of mutation]
   818 | D:1      | Gained mutation: You passively dampen the noise of your
                  | surroundings. [potion of mutation]
  1011 | D:1      | Found Bofapik's Antique Weapon Boutique.
  1342 | D:2      | Gained mutation: You regenerate magic rapidly. [demonic
                  | ancestry]
  1342 | D:2      | Reached XP level 3. HP: 5/24 MP: 3/6
  1342 | D:2      | HP: 1/24 [gnoll/+0 whip (4)]
  1347 | D:2      | Slain by a gnoll

Illustrated notes

Levels and vault maps discovered:
D:1:      eino_arrival_druids_welcome, layout_basic, serial_shops,
          nicolae_shop_advertising_works [nicolae_subvault_shop_adworks]
D:2:      layout_loops_corners, uniq_natasha

Skill      XL: |  1  2 |
---------------+-------+-----
Stealth        | 2 |  2.0
Fighting       | |  0.2
Dodging        | |  1.8
Spellcasting   | |  2.5
Necromancy     | |  4.9

Action                   || total
-------------------------++-------
Melee: Unarmed           ||     7
       Punch             ||     1
       Short sword       ||     9
       Touch             ||     6
       Dagger            ||     4
 Cast: Necrotise         ||    29
  Use: Scroll            ||     4
       Potion            ||     4
Armor: Robe              ||     1
       Scale mail        ||     4
Dodge: Dodged            ||    10
